 Dungeon Crawl Stone Soup version 0.17.1-2-g5865329 (webtiles) character file.

51 Mysteryquy the Changer (level 3, 0/28 HPs)
             Began as a Draconian Transmuter on Jan 10, 2016.
             Succumbed to Terence's poison
             ... on level 1 of the Dungeon.
             The game lasted 00:03:28 (1304 turns).

Mysteryquy the Changer (Draconian Transmuter)       Turns: 1304, Time: 00:03:28

Health: 0/28       AC:  5    Str: 12    XL:     3   Next: 57%
Magic:  2/6        EV: 12    Int: 14    God:
Gold:   35         SH:  0    Dex: 11    Spells: 2 memorised, 3 levels left

rFire  . . .     SeeInvis .       - Unarmed
rCold  . . .     Clarity  .     (armour unavailable)
rNeg   . . .     SustAt   .     (no shield)
rPois  .         Gourm    .     (helmet restricted)
rElec  .         Spirit   .     (no cloak)
rCorr  .         Warding  .     (no gloves)
rMut   .         Stasis   .     (no boots)
MR     .....                    (no amulet)
Stlth  +.........               (no ring)
                                (no ring)

@: lethally poisoned (0 -> -8), not resistant to hostile enchantments, very
unstealthy
A: unfitting armour, cold-blooded, AC +5
a: no special abilities


You were on level 1 of the Dungeon.
You were not hungry.

You visited 1 branch of the dungeon, and saw 2 of its levels.

You collected 35 gold pieces.

Inventory:

Missiles
 a - 46 arrows
Scrolls
 f - a scroll of noise {unknown}
 g - a scroll of fear {unknown}
 h - a scroll of recharging {unknown}
 i - a scroll of enchant weapon {unknown}
 j - a scroll of identify {unknown}
Potions
 d - a potion of haste {unknown}
 e - a potion of degeneration {unknown}
Books
 b - a book of Changes

   Spells                             Type                      Level
   a - Beastly Appendage              Transmutation                1
   b - Sticks to Snakes               Transmutation                2
   c - Spider Form                    Transmutation/Poison         3
   d - Ice Form                       Ice/Transmutation            4
   e - Blade Hands                    Transmutation                5
Comestibles
 c - a bread ration


   Skills:
 - Level 1.1 Fighting
 - Level 1.7 Dodging
 - Level 3.0 Unarmed Combat
 - Level 2.0 Spellcasting
 + Level 4.0 Transmutations


You had 3 spell levels left.
You knew the following spells:

 Your Spells              Type           Power        Failure   Level  Hunger
a - Beastly Appendage     Trmt           ##....       4%          1    ##.....
b - Sticks to Snakes      Trmt           ##........   10%         2    ###....


Dungeon Overview and Level Annotations

Branches:
Dungeon (2/15)

Altars:
Dithmenos

Annotations:
D:1 Terence


Innate Abilities, Weirdness & Mutations

Your plain brown scales are hard (AC +5).
Your body does not fit into most forms of armour.
You are cold-blooded and may be slowed by cold attacks.


Message History

You feel sick. Terence barely misses you.
You climb upwards.
You feel sick.
There is a stone staircase leading down, spattered with blood here.
* * * LOW HITPOINT WARNING * * *
You feel sick.
* * * LOW HITPOINT WARNING * * *
You feel sick.
* * * LOW HITPOINT WARNING * * *
You feel sick.
* * * LOW HITPOINT WARNING * * *
You feel sick.
* * * LOW HITPOINT WARNING * * *
You feel sick.
* * * LOW HITPOINT WARNING * * *
You feel sick.
* * * LOW HITPOINT WARNING * * *
You feel sick.
* * * LOW HITPOINT WARNING * * *
You feel sick.
You die...

...#.#....#.# #...# ##.<.#
...#.#....#.###...# ##...###
...#.#....#.##....# #...##>#
.....#....#.##.#.)###...#.≈#
.....#....#.)#.#..##...##.≈#
.....###'##..#....##...#.≈≈# #
...#.........#....#...##≈≈≈######
...#####.###.#....'...'≈≈≈≈##...#
...# #........@##...##≈≈≈##....
...## #####......##...#.≈≈#.....
....########.#.>@.##...##.≈#....#
..................###...#.≈#....#
...#######.≈≈≈....# #...##.##...#
#.## #..≈$≈....# ##...####....
#.#######..≈≈≈....#####...###....
#.....)..........................
....####.....#.#.[..........#.###


You could see Terence.

Vanquished Creatures
  An adder (D:1)
  A giant gecko (D:1)
  2 giant cockroaches (D:1)
  5 goblins (D:1)
  6 hobgoblins (D:1)
  2 jackals (D:1)
  5 bats (D:1)
  3 kobolds (D:1)
  3 rats (D:1)
28 creatures vanquished.

Vanquished Creatures (collateral kills)
  2 adders (D:2)
  A giant cockroach (D:2)
3 creatures vanquished.

Grand Total: 31 creatures vanquished

Notes
Turn   | Place    | Note
--------------------------------------------------------------
     0 | D:1      | Mysteryquy the Draconian Transmuter began the quest for the Orb.
     0 | D:1      | Reached XP level 1. HP: 16/16 MP: 3/3
   222 | D:1      | Reached XP level 2. HP: 21/23 MP: 3/5
   809 | D:1      | Reached XP level 3. HP: 25/28 MP: 4/6
  1236 | D:1      | Learned a level 2 spell: Sticks to Snakes
  1261 | D:2      | Found a shadowy altar of Dithmenos.
  1264 | D:2      | Noticed Terence
  1281 | D:2      | Reached skill level 4 in Transmutations
  1303 | D:1      | HP: 1/28 [poisoned by Terence]
  1304 | D:1      | Succumbed to Terence's poison

Action                   || total
-------------------------++-------
Melee: Unarmed           ||   151
 Cast: Beastly Appendage ||     7
       Sticks to Snakes  ||     5
  Eat: Chunk             ||     2
